 Dungeon Crawl Stone Soup version 0.26.1-11-gd32895ea62 (webtiles) character file.

Game seed: 224310739712416828

72 Zeld the Sneak (level 4, 0/22 HPs)
             Began as a Spriggan Brigand on June 4, 2021.
             Hit by a javelin thrown by a hobgoblin (8 damage)
             ... on level 2 of the Dungeon.
             The game lasted 00:03:38 (4509 turns).

Zeld the Sneak (Spriggan Brigand)                   Turns: 4509, Time: 00:03:38

Health: 0/22       AC:  3    Str:  7    XL:     4   Next: 6%
Magic:  5/5        EV: 17    Int: 12    God:
Gold:   64         SH:  0    Dex: 18    Spells: 3/3 levels left

rFire    . . .     SeeInvis +   a - +2 dagger
rCold    . . .     Faith    .   (shield restricted)
rNeg     . . .     Spirit   .   b - +0 robe
rPois    .         Reflect  .   (helmet restricted)
rElec    .         Harm     .   c - +0 cloak
rCorr    .         Rampage  .   (gloves unavailable)
Will     .....                  (boots unavailable)
Stlth    +++.......             (no amulet)
HPRegen  0.07/turn              (no ring)
MPRegen  0.09/turn              (no ring)

@: very quick
A: very small, unfitting armour, see invisible, speed 3
a: no special abilities


You were on level 2 of the Dungeon.
You visited 1 branch of the dungeon, and saw 2 of its levels.

You collected 64 gold pieces.

Inventory:

Hand Weapons
 a - a +2 dagger (weapon)
 p - a cursed -2 dagger
Missiles
 d - 8 poisoned darts (quivered)
 e - 2 curare-tipped darts
Armour
 b - a +0 robe (worn)
 c - a +0 cloak (worn)
Jewellery
 q - an uncursed ring of fire {unknown}
Scrolls
 f - 3 scrolls of identify {unknown}
 g - 5 scrolls of remove curse {unknown}
 h - a scroll of fog {unknown}
 i - a scroll of amnesia {unknown}
 m - 2 scrolls of random uselessness {unknown}
 n - a scroll of enchant armour {unknown}
 r - a scroll of teleportation {unknown}
Potions
 j - a potion of degeneration {unknown}
 k - a potion of brilliance {unknown}
 l - 2 potions of curing {unknown}
 o - a potion of berserk rage {unknown}


   Skills:
 - Level 1.5 Fighting
 * Level 3.7 Short Blades
 * Level 3.3 Throwing
 - Level 1.5 Dodging
 - Level 5.8 Stealth


You had 3 spell levels left.
You didn't know any spells.
Your spell library was empty.

Dungeon Overview and Level Annotations

Branches:
Dungeon (2/15)

Altars:


Innate Abilities, Weirdness & Mutations

You are very small and have problems with some larger weapons.
You are too small for most types of armour.
You have supernaturally acute eyesight. (SInv)
You cover ground extremely quickly.


Message History

You feel sick. The adder bites you but does no damage.
You closely miss the adder.
The adder is severely wounded.
The adder closely misses you. The kobold closely misses you.
You hit the adder.
The adder is severely wounded.
The adder completely misses you.
You feel sick.
You hit the kobold.
The kobold is severely wounded.
The adder misses you.
The hobgoblin shouts!
You hit the kobold.
You kill the kobold!
The hobgoblin throws a javelin.
The javelin pierces through you.
The hobgoblin throws a javelin.
The javelin pierces through you.
You feel sick.
You are no longer poisoned.
The hobgoblin throws a javelin.
The javelin pierces through you!
You die...

######.#### #...# ##.#...#. #
#.........# #...######........ #
#.#.##..#.####...#...##........
.##.#.##................(..##..#.
.##.#.......................#....
.##.#..##....(.....g.............
###.#....†<.####...#...#....#....
..........####.......###.........
#####...### #.#@..#.# #.##.....#
..# #.### #.#...#.# #.#####..#
#.###w# ##.#...#.# #.#####...
......# #...S..#.# #.......##
#.##### #..((†>..# ######### #.#
###.###..### # ..# ....#......# #
### ##.......#.# #
..!......#.##.#### # #


You could see an adder and a hobgoblin.

Vanquished Creatures
  2 adders (D:2)
  3 worms (D:2)
  3 leopard geckos
  2 giant cockroaches
  4 goblins
  5 hobgoblins
  2 quokkas
  6 bats
  2 frilled lizards (D:1)
  7 kobolds
  6 rats
42 creatures vanquished.

Notes
Turn   | Place    | Note
-------+----------+-------------------------------------------
     0 | D:1      | Zeld the Spriggan Brigand began the quest for the Orb.
     0 | D:1      | Reached XP level 1. HP: 10/10 MP: 2/2
   110 | D:1      | You fall into a shaft and drop 1 floor!
   270 | D:1      | Reached XP level 2. HP: 14/14 MP: 3/3
  2664 | D:2      | Reached XP level 3. HP: 8/18 MP: 4/4
  4392 | D:2      | Reached XP level 4. HP: 22/22 MP: 5/5
  4509 | D:2      | Hit by a javelin thrown by a hobgoblin

Illustrated notes

Levels and vault maps discovered:
D:1:      minmay_arrival_plants_in_alcoves, layout_basic
D:2:      layout_loops_cross, minmay_misc_feat_diagonals

Skill      XL: |  1  2  3 |
---------------+----------+-----
Short Blades   | 3 |  3.7
Throwing       | 3 |  3.3
Fighting       | |  1.5
Dodging        | |  1.5
Stealth        | |  5.8

Action                   |  1- 3 |  4- 6 || total
-------------------------+-------+-------++-------
Melee: Dagger            |   165 |    13 ||   178
 Stab: Sleeping          |    18 |     1 ||    19
       Distracted        |     1 |       ||     1
Armor: Robe              |    15 |     1 ||    16
Dodge: Dodged            |    96 |    11 ||   107
